 Dungeon Crawl Stone Soup version 0.20.1-1-g8b1a95d (webtiles) character file.

637 JustSomeDude the Magician (level 7, -7/47 HPs)
             Began as a Mummy Necromancer on Aug 26, 2017.
             Was a Follower of Nemelex Xobeh.
             Killed by a card of wild magic (10 damage)
             ... on level 5 of the Dungeon.
             The game lasted 00:22:31 (3580 turns).

JustSomeDude the Magician (Mummy Necromancer)       Turns: 3580, Time: 00:22:32

Health: -7/47      AC:  3    Str: 12    XL:     7   Next: 25%
Magic:  11/17      EV: 12    Int: 16    God:    Nemelex Xobeh [*.....]
Gold:   206        SH:  0    Dex: 12    Spells: 11/19 levels left

rFire    x . .     SeeInvis .   r - +0 short sword (drain)
rCold    + . .     Gourm    .   (no shield)
rNeg     + + +     Faith    .   a - +0 robe
rPois    ∞         Spirit   .   i - +0 helmet
rElec    .         Reflect  .   (no cloak)
rCorr    .         Harm     .   (no gloves)
MR       .....                  (no boots)
Stlth    ++........             (no amulet)
Regen    0.2/turn               (no ring)
MPRegen  0.2/turn               (no ring)

@: no status effects
A: no food or potions, fire vulnerability, cold resistance 1, negative energy
resistance 3, torment resistance, unbreathing
a: Renounce Religion


You were on level 5 of the Dungeon.
You worshipped Nemelex Xobeh.
Nemelex Xobeh was aware of your devotion.
You were not hungry.

You visited 2 branches of the dungeon, and saw 6 of its levels.

You collected 206 gold pieces.

Inventory:

Hand Weapons
 r - a +0 short sword of draining (weapon)
Armour
 a - a +0 robe (worn)
 i - a +0 helmet (worn)
Jewellery
 l - an uncursed ring of ice
Wands
 q - a wand of polymorph (0/24)
Scrolls
 c - 4 scrolls of teleportation {unknown}
 d - 3 scrolls of remove curse {unknown}
 e - a scroll of blinking {unknown}
 f - 7 scrolls of identify {unknown}
 g - a scroll of random uselessness {unknown}
 h - 2 scrolls of enchant weapon {unknown}
 j - a scroll of fear {unknown}
 m - a scroll of noise {unknown}
 n - 2 scrolls of enchant armour {unknown}
 o - a scroll of magic mapping {unknown}
Books
 b - a book of Necromancy

   Spells                             Type                      Level
   a - Pain                           Necromancy                   1
   b - Animate Skeleton               Necromancy                   1
   c - Vampiric Draining              Necromancy                   3
   d - Regeneration                   Charms/Necromancy            3
   e - Animate Dead                   Necromancy                   4
   f - Control Undead                 Necromancy                   4
Miscellaneous
 k - an ornate deck of destruction {drawn: 4}
 p - a plain deck of summoning {drawn: 6}


   Skills:
 + Level 0.6 Fighting
 + Level 2.1 Dodging
 + Level 1.7 Stealth
 + Level 0.2 Unarmed Combat
 + Level 6.9 Spellcasting
 + Level 6.5 Necromancy
 + Level 0.8 Invocations


You had 11 spell levels left.
You knew the following spells:

 Your Spells              Type           Power        Failure   Level  Hunger
a - Pain                  Necr           ####         1%          1    N/A
b - Vampiric Draining     Necr           ####......   2%          3    N/A
c - Animate Dead          Necr           N/A          9%          4    N/A

Dungeon Overview and Level Annotations

Branches:
Dungeon (5/15)             Temple (1/1) D:4

Altars:
Ashenzari
Dithmenos
Elyvilon
Gozag
Hepliaklqana
Kikubaaqudgha
Makhleb
Nemelex Xobeh
Qazlal
Ru
Sif Muna
Vehumet
Xom
Yredelemnul
Zin
Lugonu


Innate Abilities, Weirdness & Mutations

You do not eat or drink.
Your flesh is vulnerable to fire.
You are immune to poison.
Your flesh is cold resistant. (rC+)
You are immune to negative energy. (rN+++)
You are immune to unholy pain and torment.
You can survive without breathing.


Message History

* * * LOW HITPOINT WARNING * * *
x2 The gnoll sergeant blocks your killer bee's attack.
Casting: Pain
Confirm with . or Enter, or press ? or * to list all spells.
Aiming: Vampiric Draining
Press: ? - help, Shift-Dir - straight line, f/p - gnoll sergeant
Aim: a gnoll sergeant, wielding a trident of piercing, wearing a glowing scale mail and wearing a shiny shield The gnoll sergeant is moderately wounded.
You feel life coursing into your body.
The gnoll sergeant blocks your killer bee's attack.
The gnoll sergeant hits you with a trident of piercing!
* * * LOW HITPOINT WARNING * * *
x2 Your killer bee stings the gnoll sergeant but does no damage.
Evoke which item? (* to show all) (? for menu, Esc to quit)
You draw a card...
It is Wild Magic.
The gnoll sergeant is caught in an explosion of flying shrapnel!
The explosion engulfs the gnoll sergeant.
The explosion engulfs you!
You die...
Your body disappears without a glow.

.# . .# #.## #...#
##... ##..# #########
##..##
.........###...@#
.........)##..#.yg....#
..........#..##.......#
............###.......#
............#
#........#
...........##
#........# .....>....##
#.....#... ........[.#
#....###.. .......)..#


You could see a gnoll sergeant and a friendly killer bee.

Vanquished Creatures
  A scorpion (D:4)
  3 hounds
  2 orc wizards (D:5)
  An iguana (D:5)
  2 worker ants (D:4)
  6 adders
  3 gnolls (D:5)
  3 worms
  7 dart slugs
  3 leopard geckos
  3 orcs (D:5)
  2 bats
  5 giant cockroaches
  5 goblins
  A hobgoblin (D:1)
  3 jackals (D:3)
  4 kobolds
  4 quokkas
  3 ball pythons (D:3)
  2 frilled lizards
  9 rats
72 creatures vanquished.

Vanquished Creatures (collateral kills)
  Grinder (D:3)
  An ogre (D:5)
  A hound (D:5)
  A worker ant (D:5)
  An adder (D:5)
  2 jackals (D:2)
  A quokka (D:2)
  A ball python (D:3)
  A kobold (D:2)
  2 rats (D:2)
12 creatures vanquished.

Grand Total: 84 creatures vanquished

Notes
Turn   | Place    | Note
-------+----------+-------------------------------------------
     0 | D:1      | JustSomeDude the Mummy Necromancer began the quest for the Orb.
     0 | D:1      | Reached XP level 1. HP: 13/13 MP: 4/4
   144 | D:1      | Reached XP level 2. HP: 11/19 MP: 2/5
   687 | D:1      | Reached XP level 3. HP: 24/24 MP: 5/7
   980 | D:2      | Found a sparkling altar of Nemelex Xobeh.
   989 | D:2      | Became a worshipper of Nemelex Xobeh the Trickster
  1062 | D:2      | Reached skill level 5 in Necromancy
  1078 | D:2      | Received a gift from Nemelex Xobeh
  1180 | D:2      | Reached XP level 4. HP: 14/30 MP: 0/9
  1410 | D:2      | Noticed an angel
  1411 | D:2      | Found a glowing silver altar of Zin.
  1481 | D:3      | Found a faded altar of an unknown god.
  1637 | D:3      | Found a shattered altar of Ashenzari.
  1640 | D:3      | Found a stormy altar of Qazlal.
  1643 | D:3      | Found an ancient bone altar of Kikubaaqudgha.
  1646 | D:3      | Found a radiant altar of Vehumet.
  1710 | D:3      | Noticed Grinder
  1716 | D:3      | Learned a level 3 spell: Vampiric Draining
  1717 | D:3      | Paralysed by Grinder for 2 turns
  1726 | D:3      | Paralysed by Grinder for 4 turns
  1751 | D:3      | Paralysed by Grinder for 3 turns
  1770 | D:3      | Paralysed by Grinder for 3 turns
  1971 | D:2      | Learned a level 4 spell: Animate Dead
  2088 | D:4      | Received a gift from Nemelex Xobeh
  2107 | D:3      | Killed Grinder
  2107 | D:3      | Reached XP level 5. HP: 34/35 MP: 2/12
  2454 | D:4      | Reached skill level 5 in Spellcasting
  2510 | D:4      | Reached XP level 6. HP: 31/41 MP: 5/14
  2518 | D:4      | Reached * piety under Nemelex Xobeh
  2603 | D:4      | Found a staircase to the Ecumenical Temple.
  3069 | Temple   | Entered the Ecumenical Temple
  3141 | D:5      | Entered Level 5 of the Dungeon
  3310 | D:5      | HP: 1/42 [something/magic dart (6)]
  3311 | D:5      | Reached XP level 7. HP: 2/47 MP: 2/16
  3337 | D:5      | HP: 2/47 [worker ant (2)]
  3580 | D:5      | Killed by a card of wild magic

Skill      XL: |  1  2  3  4  5  6 |
---------------+-------------------+-----
Spellcasting   | 3 4 5 6 |  6.9
Necromancy     | 5 6 |  6.5
Dodging        | 2 |  2.1
Fighting       | |  0.6
Stealth        | |  1.7
Unarmed Combat | |  0.2
Invocations    | |  0.8

Action                   |  1- 3 |  4- 6 |  7- 9 || total
-------------------------+-------+-------+-------++-------
Melee: Unarmed           |     4 |    17 |       ||    21
       Short sword       |       |       |     2 ||     2
 Cast: Pain              |    64 |   107 |     6 ||   177
       Animate Dead      |       |     2 |       ||     2
       Vampiric Draining |       |     1 |     2 ||     3
Evoke: Deck              |     1 |     5 |     3 ||     9
Armor: Robe              |     1 |     9 |       ||    10
Dodge: Dodged            |     8 |    49 |     6 ||    63
